 Dungeon Crawl Stone Soup version 0.27.0-1-g7a089689b8 (webtiles) character file.

Game seed: 6927163710567333012

31 quinnr the Gusty (level 3, -1/19 HPs)
             Began as a Tengu Air Elementalist on Aug 1, 2021.
             Killed from afar by Robin (14 damage)
             ... with a puff of flame
             ... on level 2 of the Dungeon.
             The game lasted 00:04:14 (1599 turns).

quinnr the Gusty (Tengu Air Elementalist)           Turns: 1599, Time: 00:04:14

Health: -1/19      AC:  5    Str:  8    XL:     3   Next: 22%
Magic:  7/7        EV: 12    Int: 16    God:
Gold:   21         SH:  0    Dex: 14    Spells: 5/6 levels left

rFire    . . .     SeeInvis .   (no weapon)
rCold    . . .     Faith    .   (no shield)
rNeg     . . .     Spirit   .   a - +0 robe
rPois    .         Reflect  .   (helmet restricted)
rElec    .         Harm     .   c - +2 cloak {Will+}
rCorr    .         Rampage  .   (no gloves)
Will     +....                  (boots unavailable)
Stlth    ++........             (no amulet)
HPRegen  0.06/turn              (no ring)
MPRegen  0.10/turn              (no ring)

@: no status effects
A: beak, talons 3
a: no special abilities


You were on level 2 of the Dungeon.
You visited 1 branch of the dungeon, and saw 2 of its levels.

You collected 21 gold pieces.

Inventory:

Missiles
 d - 10 poisoned darts
Armour
 a - a +0 robe (worn)
 c - a +2 cloak of willpower (worn)
Jewellery
 f - an amulet of guardian spirit
 g - a ring of positive energy
Scrolls
 b - a scroll of fog {unknown}
Potions
 e - 2 potions of lignification {unknown}
 h - a potion of heal wounds {unknown}


   Skills:
 - Level 2.1 Dodging
 - Level 2.0 Stealth
 + Level 2.0 Spellcasting
 - Level 1.3 Conjurations
 + Level 5.6 Air Magic


You had 5 spell levels left.
You knew the following spells:

 Your Spells              Type           Power      Damage    Failure   Level
a - Shock                 Conj/Air       48%        1d6       4%          1

Your spell library contained the following spells:

 Spells                   Type           Power      Damage    Failure   Level
 Swiftness                Air            19%        N/A       6%          3
 Static Discharge         Conj/Air       12%        N/A       8%          2
 Airstrike                Air            9%         N/A       21%         4
 Blink                    Tloc           N/A        N/A       30%         2
 Lesser Beckoning         Tloc           0%         N/A       52%         3
 Manifold Assault         Tloc           1%         N/A       99%         5


Dungeon Overview and Level Annotations

Branches:
Dungeon (2/15)

Altars:

Annotations:
D:2 Robin


Innate Abilities, Weirdness & Mutations

You have a beak for a mouth.
You have claws for feet.


Message History

There is a stone staircase leading up here.
Unknown command.
The hobgoblin barely misses you.
You climb upwards.
There is a stone staircase leading down here.
Unknown command.
The zap hits the hobgoblin.
The hobgoblin is lightly wounded.
The hobgoblin barely misses you. The goblin hits you with a +0 dagger.
You miscast Shock.
You are very lightly contaminated with residual magic.
Nothing appears to happen.
The hobgoblin misses you. The goblin misses you.
The zap misses the hobgoblin.
The hobgoblin misses you. The goblin hits you with a +0 dagger.
The zap hits the hobgoblin.
The hobgoblin is heavily wounded.
The hobgoblin barely misses you. The goblin barely misses you.
The zap hits the hobgoblin but does no damage.
The hobgoblin is heavily wounded.
The hobgoblin barely misses you. The goblin hits you with a +0 dagger.
The zap hits the hobgoblin.
You kill the hobgoblin!
The goblin closely misses you.
The zap hits the goblin.
You kill the goblin!
You are too depleted to draw on your mana recklessly!
You are too depleted to draw on your mana recklessly!
You start resting.
Your magical contamination has completely faded away.
You start resting.
Magic restored.
You see here a hobgoblin corpse.
HP restored.
There is a stone staircase leading down here.
You climb downwards.
Level annotation: Robin Robin hits you from afar with a +0 spear.
Robin zaps a wand.
The puff of flame hits you!
Ouch! That really hurt!
You die...

##....)...##
#...?......#
#.....?....#
#..........#
#..........#
###..........#
#.##......$....#
#.............#
.......@.g..###
............#
..........<.#####
...####..÷gg....##
.. #.....gg...# #
#............#
.................
..#...............
.............>....


You could see Robin, 3 hobgoblins and a goblin (wandering).

Vanquished Creatures
  5 ball pythons
  2 endoplasms (D:1)
  A giant cockroach (D:1)
  A hobgoblin (D:1)
  5 jackals (D:1)
  5 bats (D:1)
  7 goblins
  2 kobolds (D:1)
  A rat (D:1)
29 creatures vanquished.

Notes
Turn   | Place    | Note
-------+----------+-------------------------------------------
     0 | D:1      | quinnr the Tengu Air Elementalist began the quest for the
                  | Orb.
     0 | D:1      | Reached XP level 1. HP: 10/10 MP: 4/4
    20 | D:1      | Reached XP level 2. HP: 9/15 MP: 0/6
   412 | D:1      | Reached skill level 5 in Air Magic
   523 | D:1      | Found a faded altar of an unknown god.
  1206 | D:2      | Identified a scroll of acquirement
  1206 | D:2      | Acquired a +2 cloak of willpower
  1217 | D:2      | Reached XP level 3. HP: 19/19 MP: 5/7
  1220 | D:2      | Noticed Robin
  1599 | D:2      | Killed from afar by Robin

Illustrated notes

Levels and vault maps discovered:
D:1:      dpeg_arrival_oval, layout_basic, ebering_ecumenical_altar_sacrificial,
          minmay_ruptured
D:2:      layout_rooms, uniq_robin

Skill      XL: |  1  2 |
---------------+-------+-----
Air Magic      | 5 |  5.6
Dodging        | |  2.1
Stealth        | |  2.0
Spellcasting   | |  2.0
Conjurations   | |  1.3

Action                   || total
-------------------------++-------
Melee: Unarmed           ||     7
       Kick              ||     3
 Cast: Shock             ||    52
  Use: Scroll            ||     1
Armor: Robe              ||     5
Dodge: Dodged            ||    27
